 Dungeon Crawl Stone Soup version 0.31-a0-128-g25add195a6 (webtiles) character file.

Game seed: 13882580282017730206

2345 Dittersdorf the Covered (level 9, -12/57 HPs)
             Began as a Gargoyle Fighter on June 1, 2023.
             Mangled by an orc knight
             ... wielding a +0 battleaxe
              (13 damage)
             ... in a bailey.
             The game lasted 00:07:44 (4320 turns).

Dittersdorf the Covered (Gargoyle Fighter)          Turns: 4320, Time: 00:07:44

Health: -12/57     AC: 23    Str: 24    XL:     9   Next: 43%
Magic:  9/9        EV:  8    Int:  9    God:
Gold:   157        SH: 10    Dex: 12    Spells: 8/8 levels left

rFire   . . .        m - +5 whip of the Queen {spect, Fly Dex+3}
rCold   + . .        c - +0 buckler
rNeg    + . .        v - +0 chain mail
rPois   ∞            f - +0 helmet
rElec   +            s - +2 cloak {rCorr}
rCorr   +            q - +0 pair of gloves
SInv    .            (no boots)
Will    .....        u - amulet of reflection Stlth
                     k - ring of protection from cold
HPRegen 0.29/turn    t - ring of flight
MPRegen 0.11/turn

%: reflection
@: flying
A: sickness immunity, AC +6, negative energy resistance 1, electricity
resistance, torment resistance 1, petrification resistance
a: no special abilities


You were in a bailey.
You visited 2 branches of the dungeon, and saw 6 of its levels.
You also visited: Bailey.

You collected 222 gold pieces.
You spent 65 gold pieces at shops.

Inventory:

Hand Weapons
 e - a +0 morningstar
 m - the +5 whip of the Queen (weapon) {spect, Fly Dex+3}
   (You took it off a goblin on level 2 of the Dungeon)

   Dex:       It affects your dexterity (+3).
   Fly:       It grants you flight.
Armour
 c - a +0 buckler (worn)
 f - a +0 helmet (worn)
 q - a +0 pair of gloves (worn)
 s - a +2 cloak of preservation (worn)
 v - a +0 chain mail (worn)
Jewellery
 k - a ring of protection from cold (left hand)
 t - a ring of flight (right hand)
 u - an amulet of reflection (around neck)
Wands
 l - a wand of charming (11)
 p - a wand of flame (53)
Scrolls
 a - a scroll of enchant armour
 w - a scroll of teleportation
Potions
 b - a potion of haste
 d - 2 potions of might
 g - a potion of mutation {unknown}
 h - 2 potions of curing {unknown}
 i - 2 potions of heal wounds
 j - a potion of lignification {unknown}
 n - a potion of degeneration {unknown}
 o - a potion of enlightenment
 r - a potion of resistance


   Skills:
 + Level 7.5 Fighting
 + Level 6.4 Maces & Flails
 + Level 7.5 Armour
 + Level 7.5 Shields


You had 8 spell levels left.
You didn't know any spells.
Your spell library contained the following spells:

 Spells                   Type           Power      Damage    Failure   Level
 Freeze                   Ice            0%         1d3       92%         1
 Blink                    Tloc           0%         N/A       98%         2
 Lesser Beckoning         Tloc           0%         N/A       98%         2
 Momentum Strike          Conj/Tloc      0%         3d8       98%         2
 Frozen Ramparts          Ice            0%         1d1       100%        3
 Gell's Gravitas          Tloc           0%         N/A       100%        3
 Hailstorm                Conj/Ice       0%         3d3       100%        3
 Teleport Other           Tloc           0%         N/A       100%        3


Dungeon Overview and Level Annotations

Branches:
Dungeon (7/15)             Temple (1/1) D:4          Bailey (1/1)

Altars:
Ashenzari
Cheibriados
Dithmenos
Elyvilon
Fedhas
Hepliaklqana
Makhleb
Ru
Sif Muna
Trog
Uskayaw
Vehumet
Wu Jian
Xom
Yredelemnul
Zin

Shops:
D:3 *   D:4 *   D:7 [

Annotations:
D:4 Grinder


Innate Abilities, Weirdness & Mutations

You are immune to sickness and miasma.
Your stone body is resilient. (AC +6)
You are immune to poison.
You resist negative energy. (rN+)
You are resistant to electric shocks. (rElec)
You are resistant to unholy torment.
You are immune to petrification.


Message History

The orc knight completely misses you.
The orc knight closely misses your +5 whip of the Queen {spect, Fly Dex+3}.
You hit the orc knight but do no damage.
The orc knight is moderately wounded.
Your +5 whip of the Queen {spect, Fly Dex+3} hits the orc knight.
The orc knight closely misses you.
The orc knight hits your +5 whip of the Queen {spect, Fly Dex+3} with a +0 battleaxe!
Your spectral weapon shares its damage with you!
Your +5 whip of the Queen {spect, Fly Dex+3} disappears.
You barely miss the orc knight.
The orc knight is heavily wounded.
Your +5 whip of the Queen {spect, Fly Dex+3} closely misses the orc knight.
The orc knight hits you with a +0 battleaxe.
The orc knight hits your +5 whip of the Queen {spect, Fly Dex+3} with a +0 battleaxe!
Your spectral weapon shares its damage with you!
You barely miss the orc knight.
The orc knight is heavily wounded.
Your +5 whip of the Queen {spect, Fly Dex+3} closely misses the orc knight.
You hit the orc knight but do no damage.
The orc knight is heavily wounded.
Your +5 whip of the Queen {spect, Fly Dex+3} hits the orc knight but does no damage.
The orc knight hits you with a +0 battleaxe!
The orc knight barely misses your +5 whip of the Queen {spect, Fly Dex+3}.
You closely miss the orc knight.
The orc knight is heavily wounded.
Your +5 whip of the Queen {spect, Fly Dex+3} barely misses the orc knight.
The orc knight hits you with a +0 battleaxe!
* * * LOW HITPOINT WARNING * * *
The orc knight misses your +5 whip of the Queen {spect, Fly Dex+3}.
You whack the orc knight!
The orc knight is severely wounded.
Your +5 whip of the Queen {spect, Fly Dex+3} barely misses the orc knight.
The orc knight hits you with a +0 battleaxe!
* * * LOW HITPOINT WARNING * * *
The orc knight hits your +5 whip of the Queen {spect, Fly Dex+3} with a +0 battleaxe!
Your spectral weapon shares its damage with you!
* * * LOW HITPOINT WARNING * * *
The orc knight attacks as you move away!
The orc knight hits you with a +0 battleaxe!
You die...

♣♣≈≈≈# ♣♣≈≈≈##
♣♣≈≈≈## ♣≈≈≈##
♣≈≈## ♣≈≈# ♣≈≈#
8... ♣≈≈# .....#
♣≈@## .....# ~~
♣.)o##.....#~}..
♣..(.##....#~!...
♣♣...(.#....##8.8.
♣....(('.....#....
♣∩.∩(..'.....#....
♣......'.....#o..
♣♣.....#....##8.8
♣....##....#~!.


You could see an orc knight and a friendly +5 whip of the Queen {spect, Fly
Dex+3}.

Vanquished Creatures
  Pikel (D:3)
  Sigmund (D:4)
  Eustachio (D:3)
  Menkaure (D:4)
  3 water moccasins (D:7)
  An orc warrior (Bailey)
  A sky beast (D:4)
  A centaur (D:7)
  2 bullfrogs (D:7)
  6 killer bees (D:7)
  An electric eel (D:7)
  An orc priest (D:4)
  A hound (D:7)
  A sleepcap (D:7)
  Crazy Yiuf (D:2)
  Natasha (thrice) (D:2)
  Ijyb (D:4)
  2 orc wizards
  Robin (D:4)
  9 gnolls
  An adder (D:3)
  2 white imps
  5 dart slugs
  12 orcs
  4 bats
  8 endoplasms
  4 giant cockroaches
  21 goblins
  9 hobgoblins
  4 jackals (D:4)
  7 quokkas
  6 ball pythons
  2 frilled lizards
  16 kobolds
  8 rats
148 creatures vanquished.

Vanquished Creatures (others)
  2 spectral weapons (Bailey)
2 creatures vanquished.

Grand Total: 150 creatures vanquished

Notes
Turn   | Place    | Note
-------+----------+-------------------------------------------
     0 | D:1      | Dittersdorf the Gargoyle Fighter began the quest for the
                  | Orb.
     0 | D:1      | Reached XP level 1. HP: 14/14 MP: 1/1
   143 | D:1      | Reached XP level 2. HP: 19/19 MP: 2/2
   383 | D:1      | Reached XP level 3. HP: 21/23 MP: 3/3
   740 | D:2      | Noticed Natasha
   761 | D:2      | Killed Natasha
   762 | D:2      | Reached XP level 4. HP: 18/29 MP: 4/4
   882 | D:2      | Identified the +5 whip of the Queen {spect, Fly Dex+3}
   915 | D:2      | Found a runed translucent door.
   916 | D:2      | Noticed Crazy Yiuf
   945 | D:2      | Noticed Natasha
   954 | D:2      | Killed Natasha
   992 | D:2      | Noticed Natasha
   998 | D:2      | Killed Natasha
   999 | D:2      | Reached XP level 5. HP: 29/33 MP: 5/5
  1397 | D:2      | Killed Crazy Yiuf
  1853 | D:3      | Reached XP level 6. HP: 39/39 MP: 6/6
  1874 | D:3      | Found Loas's General Store.
  1940 | D:3      | Found a snail-covered altar of Cheibriados.
  1964 | D:4      | Noticed Pikel
  1967 | D:4      | Noticed Menkaure
  2000 | D:3      | HP: 1/39 [lemure[Pikel] (6)]
  2002 | D:3      | Killed Pikel
  2003 | D:3      | Reached skill level 5 in Fighting
  2003 | D:3      | Reached skill level 5 in Armour
  2003 | D:3      | Reached skill level 5 in Shields
  2003 | D:3      | Reached XP level 7. HP: 2/44 MP: 7/7
  2170 | D:4      | Noticed Eustachio
  2192 | D:3      | Killed Eustachio
  2299 | D:4      | Found Kyroal's General Store.
  2354 | D:4      | Bought a potion of heal wounds for 65 gold pieces
  2405 | D:4      | Noticed Sigmund
  2430 | D:4      | Killed Sigmund
  2431 | D:4      | Reached XP level 8. HP: 27/51 MP: 8/8
  2446 | D:4      | Reached skill level 5 in Maces & Flails
  2446 | D:4      | Found a staircase to the Ecumenical Temple.
  2526 | Temple   | Entered the Ecumenical Temple
  2895 | D:4      | Noticed Robin
  2900 | D:4      | Killed Robin
  2976 | D:4      | Killed Menkaure
  3283 | D:4      | Noticed Ijyb
  3291 | D:4      | Killed Ijyb
  3454 | D:4      | Noticed Grinder
  3456 | D:4      | You are sucked into a shaft and drop 3 floors!
  3513 | D:7      | Found Keneiqo's Antique Armour Emporium.
  3545 | D:7      | Reached XP level 9. HP: 56/56 MP: 9/9
  3549 | D:7      | Found a flagged portal.
  3677 | Bailey   | Entered a bailey
  3816 | Bailey   | Noticed an orc warlord
  3843 | Bailey   | Noticed an orc knight
  3843 | Bailey   | Noticed an orc knight
  4319 | Bailey   | HP: 1/57 [orc knight/+0 battleaxe (3)]
  4320 | Bailey   | Mangled by an orc knight

Illustrated notes

Levels and vault maps discovered:
D:1:      matt_arrival_refuge, layout_basic
D:2:      layout_rooms, minmay_stone_trees_medium, hex_tiny, uniq_natasha,
          uniq_crazy_yiuf_cottage
D:3:      layout_basic, general_overflow_altar, serial_shops,
          nicolae_shop_waterfront, minmay_misc_feat_iff
D:4:      layout_loops_ring, kennysheep_little_box,
          nicolae_overflow_hallway_of_the_gods, temple_fountains, serial_shops,
          nicolae_shop_stone, kennysheep_generic_room_7, uniq_menkaure,
          uniq_robin, uniq_eustachio, uniq_pikel, uniq_sigmund, uniq_grinder,
          uniq_ijyb
D:7:      layout_cave_pools, gammafunk_ghost_arena, enter_bailey_5,
          serial_gnoll_camp, gnoll_camp_mini_hut, gnoll_camp_mini_shop,
          gnoll_camp_mini_doghouse, gnoll_camp_huts_basic, serial_bayou_ford_a,
          minivault_19
Temple:   regret_index_temple_generic_petals
Bailey:   bailey_axe_bossmonster_kennysheep, bailey

Skill      XL: |  1  2  3  4  5  6  7  8  9 |
---------------+----------------------------+-----
Fighting       | 4 5 6 7 |  7.5
Armour         | 4 5 6 7 |  7.5
Shields        | 4 5 6 7 |  7.5
Maces & Flails | 3 4 5 6 |  6.4

Action                     |  1- 3 |  4- 6 |  7- 9 || total
---------------------------+-------+-------+-------++-------
  Melee: Flail             |    64 |    11 |       ||    75
         Whip              |       |   105 |   274 ||   379
    Use: Scroll            |       |       |    11 ||    11
   Stab: Distracted        |       |       |     1 ||     1
 Armour: Scale mail        |    30 |    41 |    20 ||    91
         Chain mail        |       |       |   180 ||   180
  Dodge: Dodged            |    40 |    37 |   105 ||   182
  Block: Buckler           |    17 |    47 |   166 ||   230
         Reflection        |       |     1 |     9 ||    10

Table legend: (Time is in decaauts)
 A = Elapsed time spent in this place.
 B = Non-inter-level travel time spent in this place.
 C = Inter-level travel time spent in this place.
 D = Time resting spent in this place.
 E = Time spent auto-exploring this place.
 F = Levels seen in this place.
 G = Mean time per level.
                   A        B        C        D        E       F      G
               +--------+--------+--------+--------+--------+-----+--------+
         Total |   4318 |   4217 |    101 |   1006 |   2032 |   7 |  616.9 |
       Dungeon |   3394 |   3317 |     77 |    502 |   1819 |   5 |  678.8 |
        Temple |    289 |    265 |     24 |     33 |    213 |   1 |  289.0 |
        Bailey |    634 |    634 |      0 |    471 |      0 |   1 |  634.0 |
               +--------+--------+--------+--------+--------+-----+--------+

Top non-repeatable levels by time:
     D:4: 885 daAuts
     D:3: 791 daAuts
     D:1: 768 daAuts
     D:2: 744 daAuts
  Bailey: 634 daAuts
  Temple: 289 daAuts
     D:7: 204 daAuts
